 Dungeon Crawl Stone Soup version 0.30.0 (webtiles) character file.

Game seed: 17233928057353196518

1644 samcosmo the Thaumaturge (level 8, -2/48 HPs)
             Began as a Deep Elf Conjurer on July 3, 2023.
             Was a Follower of Vehumet.
             Killed from afar by a steam dragon (14 damage)
             ... with a ball of steam
             ... on level 6 of the Dungeon.
             The game lasted 00:21:43 (6992 turns).

samcosmo the Thaumaturge (Deep Elf Conjurer)        Turns: 6992, Time: 00:21:43

Health: -2/48      AC:  4    Str:  4    XL:     8   Next: 67%
Magic:  7/23       EV: 12    Int: 26    God:    Vehumet [*.....]
Gold:   219        SH:  0    Dex: 13    Spells: 13/26 levels left

rFire   . . .        c - +1 dagger (vamp)
rCold   + . .        (no shield)
rNeg    . . .        a - +2 robe
rPois   .            (no helmet)
rElec   .            (no cloak)
rCorr   +            (no gloves)
SInv    .            (no boots)
Will    .....        (no amulet)
Stlth   ++           d - ring of protection from cold
HPRegen 0.28/turn    r - ring of resist corrosion
MPRegen 0.18/turn

%: no passive effects
@: on blink cooldown
A: no striking features
a: Renounce Religion


You were on level 6 of the Dungeon.
You worshipped Vehumet.
Vehumet was aware of your devotion.
You visited 2 branches of the dungeon, and saw 7 of its levels.

You collected 219 gold pieces.

Inventory:

Hand Weapons
 c - a +1 vampiric dagger (weapon)
 m - a +3 dagger of protection
Armour
 a - a +2 robe (worn)
Jewellery
 d - a ring of protection from cold (left hand)
 r - a ring of resist corrosion (right hand)
Wands
 p - a wand of flame (33)
 q - a wand of digging (7)
Scrolls
 f - 2 scrolls of fog
 i - 2 scrolls of noise
 j - 2 scrolls of brand weapon
 u - 2 scrolls of teleportation {unknown}
 v - 3 scrolls of identify
Potions
 b - 2 potions of magic
 e - 3 potions of heal wounds
 g - 2 potions of cancellation
 h - 2 potions of attraction
 k - 3 potions of degeneration
 l - 3 potions of curing
 n - a potion of flight
 o - a potion of brilliance {unknown}
 s - a potion of resistance
 t - 2 potions of haste


   Skills:
 + Level 3.9 Fighting
 - Level 2.4 Dodging
 - Level 2.4 Stealth
 * Level 9.7 Spellcasting
 + Level 6.9 Conjurations
 + Level 4.9 Translocations


You had 13 spell levels left.
You knew the following spells:

 Your Spells              Type           Power      Damage    Failure   Level
a - Magic Dart            Conj           100%       1d8       1%          1
b - Searing Ray           Conj           96%        2d7       1%          2
c - Blink                 Tloc           76%        N/A       1%          2
d - Iskenderun's Mystic   Conj/Tloc      43%        2d10      4%          4
e - Manifold Assault      Tloc           38%        N/A       6%          4

Your spell library contained the following spells:

 Spells                   Type           Power      Damage    Failure   Level
 Shock                    Conj/Air       100%       1d9       1%          1
 Dazzling Flash           Conj/Hex       60%        N/A       3%          3
 Stone Arrow              Conj/Erth      60%        3d10      3%          3
 Sandblast                Erth           24%        2d8       4%          1
 Ensorcelled Hibernation  Hex/Ice        24%        N/A       7%          2
 Passwall                 Tmut/Erth      10%        N/A       7%          2
 Fulminant Prism          Conj/Hex       15%        3d10      11%         4
 Spider Form              Tmut/Pois      12%        N/A       14%         3
 Anguish                  Hex/Necr       6%         N/A       43%         4
 Storm Form               Tmut/Air       6%         N/A       100%        7


Dungeon Overview and Level Annotations

Branches:
Dungeon (6/15)             Temple (1/1) D:4

Altars:
Ashenzari
Gozag
Hepliaklqana
Kikubaaqudgha
Makhleb
Nemelex Xobeh
Qazlal
Ru
Sif Muna
Trog
Uskayaw
Vehumet
Xom
Yredelemnul
The Shining One

Shops:
D:5 [


Message History

A steam dragon comes into view.
The magic dart hits the steam dragon!
The steam dragon is moderately wounded.
The steam dragon hisses angrily.
The magic dart hits the steam dragon.
The steam dragon is moderately wounded.
Casting: Magic Dart (safe; 1% risk of failure)
Confirm with . or Enter, or press ? or * to list all spells.
Space momentarily warps into an impossible shape!
You barely miss the steam dragon.
The magic dart hits the steam dragon but does no damage.
The steam dragon is moderately wounded.
The magic dart hits the steam dragon.
The steam dragon is heavily wounded.
The steam dragon breathes steam at you. The ball of steam hits you!
Casting: Magic Dart (safe; 1% risk of failure)
Confirm with . or Enter, or press ? or * to list all spells.
Space momentarily warps into an impossible shape!
You hit the steam dragon.
You feel better.
Casting: Manifold Assault (dangerous; 6% risk of failure)
Confirm with . or Enter, or press ? or * to list all spells.
Aiming: Searing Ray (safe; 1% risk of failure)
Press: ? - help, Shift-Dir - straight line, f/p - steam dragon
Aim: a steam dragon (severely wounded, 83% to hit)
The searing ray hits the steam dragon.
The steam dragon is severely wounded. (Press . to maintain the ray.)
The searing ray hits the steam dragon.
The steam dragon is almost dead.
The steam dragon breathes steam at you. The ball of steam hits you!!
* * * LOW HITPOINT WARNING * * *
Unknown command.
Casting: Searing Ray (safe; 1% risk of failure)
Confirm with . or Enter, or press ? or * to list all spells.
You blink.
The steam dragon breathes steam at you. The ball of steam hits you!
You die...

..#'######################
...............§..........
...............§..........
.............§§§..........
............§§.§§§D.......
............§§§§.§........
.................§.....>..
................§.$.......
................@.........
#######+##.....########+##
.........#.....
.........#.....
.........+.. .........#.
.........# .........
.........


You could see a steam dragon (catching breath).

Vanquished Creatures
  Sigmund (D:5)
  Menkaure (D:4)
  The ghost of xade the Conjurer, an amateur DECj (D:3)
  A black bear (D:5)
  A sky beast (D:4)
  2 ogres
  An ice beast (D:6)
  A phantom (D:6)
  A kobold brigand (D:6)
  A scorpion (D:5)
  A howler monkey (D:4)
  3 jellies (D:3)
  3 hounds
  An iguana (D:4)
  Ijyb (D:5)
  Terence (D:3)
  An orc wizard (D:4)
  Robin (D:2)
  7 gnolls
  7 adders
  A shadow imp (D:5)
  A worm (D:4)
  2 dart slugs (D:4)
  5 orcs
  7 ball pythons
  3 bats
  16 endoplasms
  5 giant cockroaches
  5 hobgoblins
  6 jackals
  19 kobolds
  5 quokkas
  6 frilled lizards
  16 goblins
  3 rats
137 creatures vanquished.

Vanquished Creatures (others)
  6 fungi (D:3)
  7 plants (D:4)
  8 toadstools (D:3)
21 creatures vanquished.

Grand Total: 158 creatures vanquished

Notes
Turn   | Place    | Note
-------+----------+-------------------------------------------
     0 | D:1      | samcosmo the Deep Elf Conjurer began the quest for the Orb.
     0 | D:1      | Reached XP level 1. HP: 10/10 MP: 6/6
   405 | D:1      | Reached XP level 2. HP: 16/16 MP: 1/8
   482 | D:1      | Learned a level 2 spell: Searing Ray
   485 | D:1      | Learned a level 2 spell: Blink
   819 | D:1      | Found a faded altar of an unknown god.
  1296 | D:2      | Reached skill level 4 in Spellcasting
  1297 | D:2      | Reached XP level 3. HP: 20/20 MP: 6/10
  1356 | D:2      | Noticed Robin
  1360 | D:2      | Killed Robin
  1361 | D:2      | Reached skill level 1 in Fighting
  1374 | D:2      | Reached skill level 1 in Translocations
  1646 | D:2      | Found a stormy altar of Qazlal.
  1758 | D:2      | Reached XP level 4. HP: 25/25 MP: 9/12
  1763 | D:2      | Learned a level 4 spell: Iskenderun's Mystic Blast
  2258 | D:2      | You fall into a shaft and drop 2 floors!
  2451 | D:3      | Reached skill level 5 in Spellcasting
  2564 | D:3      | Reached skill level 5 in Conjurations
  2664 | D:3      | Reached XP level 5. HP: 29/29 MP: 7/14
  2953 | D:3      | Noticed Terence
  2960 | D:3      | Killed Terence
  3227 | D:3      | Found a runed translucent door.
  3227 | D:3      | Noticed xade's ghost (amateur DECj)
  3809 | D:3      | Reached skill level 6 in Spellcasting
  3809 | D:3      | Reached XP level 6. HP: 31/35 MP: 10/17
  4044 | D:3      | Killed xade's ghost
  4455 | D:4      | Noticed a sky beast
  4485 | D:4      | Killed a sky beast
  4486 | D:4      | Reached skill level 7 in Spellcasting
  4486 | D:4      | Reached XP level 7. HP: 34/40 MP: 1/19
  4679 | D:4      | Found a staircase to the Ecumenical Temple.
  4691 | Temple   | Entered the Ecumenical Temple
  4807 | Temple   | Became a worshipper of Vehumet
  4960 | D:4      | Noticed Menkaure
  4965 | D:4      | Killed Menkaure
  5034 | D:4      | Found a shimmering altar of Xom.
  5433 | D:5      | Entered Level 5 of the Dungeon
  5566 | D:5      | Found Ytacyt's Antique Armour Shop.
  5807 | D:5      | Noticed Ijyb
  5817 | D:5      | Killed Ijyb
  5903 | D:5      | Reached skill level 8 in Spellcasting
  5915 | D:5      | Noticed Sigmund
  5948 | D:5      | Killed Sigmund
  5949 | D:5      | Reached XP level 8. HP: 25/46 MP: 9/22
  6590 | D:5      | Learned a level 4 spell: Manifold Assault
  6607 | D:6      | Reached skill level 9 in Spellcasting
  6720 | D:6      | Reached * piety under Vehumet
  6720 | D:6      | Offered knowledge of Shock by Vehumet.
  6992 | D:6      | Killed from afar by a steam dragon

Illustrated notes

Levels and vault maps discovered:
D:1:      dpeg_arrival_court, layout_loops_corners,
          dreamdust_ecumenical_altar_grove
D:2:      layout_basic, serial_shops, nicolae_shop_rolled_up, basic_altar,
          minmay_misc_feat_x, serial_park_tiny_1, uniq_robin
D:3:      cheibrodos_fertilizer, layout_basic, gammafunk_ghost_grave,
          kennysheep_minor_cross, uniq_terence
D:4:      layout_rooms, mainiacjoe_overflow_paths,
          minmay_temple_entry_gardened_gates, minmay_misc_feat_five,
          uniq_menkaure
D:5:      layout_basic, serial_shops, shop, kennysheep_generic_room_9,
          uniq_ijyb, uniq_sigmund
D:6:      layout_gridville, fedhas_altar_4, uniq_grinder
Temple:   nicolae_temple_bog_church

Skill      XL: |  1  2  3  4  5  6  7  8 |
---------------+-------------------------+-----
Spellcasting   | 4 5 6 7 8 9 |  9.7
Fighting       | 1 2 3 |  3.9
Translocations | 1 2 3 4 |  4.9
Conjurations   | 5 6 |  6.9
Dodging        | |  2.4
Stealth        | |  2.4

Action                     |  1- 3 |  4- 6 |  7- 9 || total
---------------------------+-------+-------+-------++-------
  Melee: Dagger            |       |    17 |    29 ||    46
   Cast: Magic Dart        |    74 |    78 |    98 ||   250
         Searing Ray       |       |     9 |    12 ||    21
         Iskenderun's Myst |       |     4 |     2 ||     6
         Blink             |       |     1 |     5 ||     6
         Manifold Assault  |       |       |     7 ||     7
    Use: Scroll            |       |    13 |     4 ||    17
         Potion            |       |       |     3 ||     3
   Stab: Sleeping          |       |     2 |     1 ||     3
 Armour: Robe              |     1 |    10 |    16 ||    27
  Dodge: Dodged            |     4 |    26 |    34 ||    64
